RedWings vs Wild

Created - April-09-14 at 17:45

Goals
1 2 3 T
RedWings 0 1 0 1
Wild 0 2 0 2
Shots
1 2 3 T
RedWings 10 12 11 33
Wild 3 9 13 25

1st period

No Goal

Penalties :
Michael Stone (MIN) for Hooking (Minor) at 0:59, Colin Wilson (MIN) for Tripping (Minor) at 4:45, Milan Michalek (MIN) for Hooking (Minor) at 7:22, Alexei Ponikarovsky (MIN) for Holding (Minor) at 15:42, Alexei Ponikarovsky (MIN) for Interference (Minor) at 18:31

2nd period

1. Wild , Erik Cole 17 (Bryan Little, John-Michael Liles) at 1:07
2. RedWings , Alexandre Burrows 23 (Chris Summers, Andrew Cogliano) at 10:57
3. Wild , Milan Michalek 27 (Colin Wilson) at 14:14 (PP)

Penalties :
Michael Stone (MIN) for Tripping (Minor) at 2:26, Bobby Ryan (MIN) for Interference (Minor) at 10:58, Eric Gryba (DET) for Hooking (Minor) at 13:26, Jared Spurgeon (DET) for Hooking (Minor) at 15:44

3rd period

No Goal

Penalties :
Alexandre Burrows (DET) for High sticking (Minor) at 1:34, Anton Babchuk (MIN) for Slashing (Minor) at 11:24, Bobby Ryan (MIN) for Hooking (Minor) at 16:27

Goalie Stats

Thomas Greiss (DET), 23 saves from 25 shots - (0.920), L, 11-29-6, 59:06 minutes
Niklas Backstrom (MIN), 32 saves from 33 shots - (0.970), W, 24-18-3, 60:00 minutes

Players Stats for RedWings

Player Name              G  A  P  +/- PIM S  H  SB GA TA FO     MP     PP MP  PK MP  
------------------------------------------------------------------------------------
Alexandre Burrows        1  0  1   0  2   2  5  0  0  0  0/2    22:57   8:27   0:17 
Andrew Cogliano          0  1  1   0  0   5  0  0  0  0  15/36  24:07   9:17   1:06 
Casey Cizikas            0  0  0   0  0   1  1  0  0  0  9/17   24:08   7:24   1:08 
Chris Summers            0  1  1   0  0   0  1  0  0  0  0/0    13:57   0:00   1:24 
Eric Brewer              0  0  0   0  0   1  0  0  0  0  0/0    13:44   8:12   2:09 
Eric Gryba               0  0  0   0  2   0  0  2  0  0  0/0    15:59   0:00   1:29 
Frazer McLaren           0  0  0   0  0   1  0  0  0  0  7/9     8:05   1:10   0:30 
Jared Spurgeon           0  0  0   0  2   2  0  0  0  0  0/0    21:22   8:12   1:29 
Joe Thornton             0  0  0   0  0   4  0  0  0  0  8/19   20:31   8:27   3:21 
Keith Yandle             0  0  0   0  0   3  0  0  0  0  0/0    20:03   9:39   2:37 
Mark Fraser              0  0  0   0  0   0  3  2  0  0  0/0     7:22   0:00   0:24 
Nate Thompson            0  0  0   0  0   1  1  0  0  0  0/0    15:42   9:17   0:00 
Ondrej Palat             0  0  0   0  0   1  2  1  0  0  0/1    15:55   0:00   0:00 
Paul Martin              0  0  0   0  0   3  0  1  0  0  0/0    27:31   9:39   0:00 
Ray Whitney              0  0  0   0  0   5  0  1  0  0  1/2    15:00   9:24   3:10 
Sergei Kostitsyn         0  0  0   0  0   3  0  0  0  0  0/0    16:02   0:07   0:00 
Taylor Beck              0  0  0   0  0   1  0  0  0  0  0/0    12:38   0:00   0:00 
Tyler Toffoli            0  0  0   0  0   0  0  0  0  0  0/0     0:08   0:00   0:00 

Players Stats for Wild

Player Name              G  A  P  +/- PIM S  H  SB GA TA FO     MP     PP MP  PK MP  
------------------------------------------------------------------------------------
Alexei Ponikarovsky      0  0  0   0  4   1  1  0  0  0  0/2    16:39   0:42   7:28 
Andrei Markov            0  0  0  -1  0   0  1  3  0  0  0/0    26:41   1:53   9:17 
Andrew Ebbett            0  0  0   0  0   0  0  0  0  0  9/13   10:08   0:42   8:58 
Andy McDonald            0  0  0  -1  0   2  0  0  0  0  1/1    15:13   1:50   0:26 
Anton Babchuk            0  0  0   0  2   1  0  1  0  0  0/0    16:34   0:00   6:04 
Blake Comeau             0  0  0   0  0   2  5  0  0  0  0/1    18:05   0:42   8:52 
Bobby Ryan               0  0  0   1  4   4  1  0  0  0  0/0    17:39   2:14   0:00 
Bryan Little             0  1  1   1  0   4  0  0  0  0  15/21  15:36   2:14   0:00 
Colin Wilson             0  1  1  -1  2   2  0  0  0  0  5/15   17:19   1:50   0:00 
Erik Cole                1  0  1   1  0   2  2  0  0  0  2/3    17:14   2:14   1:38 
Fedor Tyutin             0  0  0   1  0   1  4  0  0  0  0/0    23:38   0:42   8:34 
Jamie Langenbrunner      0  0  0   0  0   0  0  0  0  0  0/0     0:00   0:00   0:00 
Jay Pandolfo             0  0  0   0  0   0  0  0  0  0  0/0     0:00   0:00   0:00 
John-Michael Liles       0  1  1   1  0   1  1  0  0  0  0/0    19:10   2:53   4:28 
Manny Malhotra           0  0  0   0  0   0  0  0  0  0  12/28  16:51   0:00   8:20 
Michael Stone            0  0  0  -1  4   3  5  0  0  0  0/0    21:23   1:11   7:19 
Milan Michalek           1  0  1  -1  2   2  1  0  0  0  2/2    17:19   1:50   0:00 
Ryan Whitney             0  0  0   0  0   0  1  1  0  0  0/0    12:31   2:53   0:00 

3 Stars

1 - Niklas Backstrom (MIN)
2 - Erik Cole (MIN)
3 - Alexandre Burrows (DET)

Power Play

RedWings - 0 on 9 Attempt(s) - 0.00%
Wild - 1 on 3 Attempt(s) - 33.33%

Penalty Kill

RedWings - 2 on 3 Attempt(s) - 66.67% - Score 0 goal in Penalty Kill
Wild - 9 on 9 Attempt(s) - 100.00% - Score 0 goal in Penalty Kill

Official

Referees : Justin StPierre and Wes McCauley
Linesman : Don Henderson and Andy McElman

Game Notes

No Game Note

Finance

Level 1 -- Attendance: 5708 (87.82%) -- Ticket Income $570,800
Level 2 -- Attendance: 5000 (100.00%) -- Ticket Income $300,000
Level 3 -- Attendance: 3387 (96.77%) -- Ticket Income $118,545
Level 4 -- Attendance: 2064 (100.00%) -- Ticket Income $41,280
Luxury Box -- Attendance: 887 (88.70%) -- Ticket Income $177,400
Game was played at the Xcel Energy Center
Total Attendance: 17046 (94.36%)
Total Ticket Income: $1,208,025
Other Income: $181,204
Total Income: $1,389,229


% Time on Ice - RedWings

Lines # - Real PCT - Wanted PCT - Time Play
Normal Forward
1 - 44% - 45% - 15:55
2 - 35% - 35% - 12:38
3 - 4% - 15% - 1:36
4 - 18% - 5% - 6:25
Normal Defense
1 - 40% - 40% - 14:31
2 - 32% - 30% - 11:42
3 - 9% - 20% - 3:23
4 - 19% - 10% - 6:58
PP Forward
1 - 47% - 60% - 8:27
2 - 53% - 40% - 9:24
PP Defense
1 - 54% - 60% - 9:39
2 - 46% - 40% - 8:12
PK Forward
1 - 77% - 60% - 3:40
2 - 23% - 40% - 1:06
PK Defense
1 - 53% - 60% - 2:32
2 - 47% - 40% - 2:14
PK3 Forward
1 - 0% - 60%
2 - 0% - 40%
PK3 Defense
1 - 0% - 60%
2 - 0% - 40%
44 Forward
1 - 0% - 60%
2 - 0% - 40%
44 Defense
1 - 0% - 60%
2 - 0% - 40%
Last Minute Offensive  - 0:49
Last Minute Defensive  - 0:00
Total
Forward - 60:00
Defense - 60:00

% Time on Ice - Wild

Lines # - Real PCT - Wanted PCT - Time Play
Normal Forward
1 - 35% - 35% - 12:57
2 - 35% - 35% - 12:54
3 - 23% - 15% - 8:31
4 - 7% - 15% - 2:33
Normal Defense
1 - 32% - 35% - 11:49
2 - 34% - 35% - 12:30
3 - 27% - 15% - 10:03
4 - 7% - 15% - 2:33
PP Forward
1 - 53% - 50% - 2:32
2 - 47% - 50% - 2:14
PP Defense
1 - 60% - 50% - 2:53
2 - 40% - 50% - 1:53
PK Forward
1 - 47% - 50% - 8:27
2 - 53% - 50% - 9:24
PK Defense
1 - 48% - 50% - 8:34
2 - 52% - 50% - 9:17
PK3 Forward
1 - 0% - 50%
2 - 0% - 50%
PK3 Defense
1 - 0% - 50%
2 - 0% - 50%
44 Forward
1 - 0% - 50%
2 - 0% - 50%
44 Defense
1 - 0% - 50%
2 - 0% - 50%
Last Minute Offensive  - 0:00
Last Minute Defensive  - 0:28
Total
Forward - 60:00
Defense - 60:00

Play by Play

1st period


0:01 of 1st period - Casey Cizikas wins face-off versus Colin Wilson in neutral zone.
0:26 of 1st period - Shot by Sergei Kostitsyn.
0:26 of 1st period - Stopped by Niklas Backstrom without a rebound.
0:27 of 1st period - Andrew Cogliano wins face-off versus Bryan Little in Wild zone.
0:31 of 1st period - Icing by Michael Stone.
0:32 of 1st period - Bryan Little wins face-off versus Andrew Cogliano in Wild zone.
0:59 of 1st period - Minor Penalty to Michael Stone for Hooking.
1:00 of 1st period - Joe Thornton wins face-off versus Manny Malhotra in Wild zone.
2:03 of 1st period - Shot by Ray Whitney.
2:03 of 1st period - Shot Misses the Net.
2:05 of 1st period - Shot by Ray Whitney.
2:05 of 1st period - Stopped by Niklas Backstrom without a rebound.
2:06 of 1st period - Manny Malhotra wins face-off versus Andrew Cogliano in Wild zone.
2:19 of 1st period - Shot by Andrew Cogliano.
2:19 of 1st period - Stopped by Niklas Backstrom without a rebound.
2:20 of 1st period - Andrew Cogliano wins face-off versus Andrew Ebbett in Wild zone.
2:20 of 1st period - Andrew Cogliano is hit by Andrei Markov.
2:34 of 1st period - Shot by Keith Yandle.
2:34 of 1st period - Shot Blocked by Andrei Markov.
2:36 of 1st period - Shot by Andrew Cogliano.
2:36 of 1st period - Shot Blocked by Andrei Markov.
2:38 of 1st period - Shot by Keith Yandle.
2:38 of 1st period - Stopped by Niklas Backstrom without a rebound.
2:39 of 1st period - Manny Malhotra wins face-off versus Alexandre Burrows in Wild zone.
2:39 of 1st period - Manny Malhotra is hit by Alexandre Burrows.
3:35 of 1st period - Shot by Andy McDonald.
3:35 of 1st period - Shot Misses the Net.
3:37 of 1st period - Shot by Michael Stone.
3:37 of 1st period - Shot Misses the Net.
3:39 of 1st period - Shot by Michael Stone.
3:39 of 1st period - Shot Misses the Net.
4:07 of 1st period - Icing by Alexandre Burrows.
4:08 of 1st period - Andrew Cogliano wins face-off versus Manny Malhotra in RedWings zone.
4:08 of 1st period - Andrew Cogliano is hit by Blake Comeau.
4:15 of 1st period - Off-side.
4:16 of 1st period - Bryan Little wins face-off versus Andrew Cogliano in neutral zone.
4:23 of 1st period - Shot by Bryan Little.
4:23 of 1st period - Shot Blocked by Mark Fraser.
4:31 of 1st period - Shot by Bobby Ryan.
4:31 of 1st period - Shot Blocked by Mark Fraser.
4:33 of 1st period - Shot by Fedor Tyutin.
4:33 of 1st period - Stopped by Thomas Greiss without a rebound.
4:34 of 1st period - Frazer McLaren wins face-off versus Manny Malhotra in RedWings zone.
4:41 of 1st period - Shot by Nate Thompson.
4:41 of 1st period - Stopped by Niklas Backstrom without a rebound.
4:42 of 1st period - Colin Wilson wins face-off versus Joe Thornton in Wild zone.
4:42 of 1st period - Colin Wilson is hit by Alexandre Burrows.
4:45 of 1st period - Minor Penalty to Colin Wilson for Tripping.
4:46 of 1st period - Andrew Ebbett wins face-off versus Andrew Cogliano in Wild zone.
4:55 of 1st period - Shot by Paul Martin.
4:55 of 1st period - Shot Misses the Net.
4:57 of 1st period - Shot by Andrew Cogliano.
4:57 of 1st period - Stopped by Niklas Backstrom without a rebound.
4:58 of 1st period - Andrew Ebbett wins face-off versus Joe Thornton in Wild zone.
5:07 of 1st period - Shot by Paul Martin.
5:07 of 1st period - Shot Misses the Net.
5:09 of 1st period - Shot by Paul Martin.
5:09 of 1st period - Shot Misses the Net.
5:11 of 1st period - Shot by Paul Martin.
5:11 of 1st period - Deflect By Alexandre Burrows.
5:11 of 1st period - Stopped by Niklas Backstrom without a rebound.
5:12 of 1st period - Andrew Ebbett wins face-off versus Andrew Cogliano in Wild zone.
5:25 of 1st period - Shot by Ray Whitney.
5:25 of 1st period - Shot Misses the Net.
6:10 of 1st period - Shot by Paul Martin.
6:10 of 1st period - Stopped by Niklas Backstrom without a rebound.
6:11 of 1st period - Manny Malhotra wins face-off versus Casey Cizikas in Wild zone.
6:24 of 1st period - Shot by Keith Yandle.
6:24 of 1st period - Shot Misses the Net.
6:46 of 1st period - Shot by Sergei Kostitsyn.
6:46 of 1st period - Stopped by Niklas Backstrom without a rebound.
6:47 of 1st period - Milan Michalek wins face-off versus Ondrej Palat in Wild zone.
7:13 of 1st period - Sergei Kostitsyn is hit by Fedor Tyutin and loses puck.
7:19 of 1st period - Icing by John-Michael Liles.
7:20 of 1st period - Colin Wilson wins face-off versus Andrew Cogliano in Wild zone.
7:22 of 1st period - Minor Penalty to Milan Michalek for Hooking.
7:23 of 1st period - Andrew Ebbett wins face-off versus Andrew Cogliano in Wild zone.
7:29 of 1st period - Icing by Paul Martin.
7:30 of 1st period - Andrew Cogliano wins face-off versus Andrew Ebbett in RedWings zone.
7:30 of 1st period - Andrew Cogliano is hit by Alexei Ponikarovsky.
8:09 of 1st period - Ray Whitney is hit by Michael Stone and loses puck.
8:48 of 1st period - Shot by Jared Spurgeon.
8:48 of 1st period - Shot Misses the Net.
9:36 of 1st period - Shot by Andrew Cogliano.
9:36 of 1st period - Shot Misses the Net.
9:39 of 1st period - Icing by Fedor Tyutin.
9:40 of 1st period - Frazer McLaren wins face-off versus Colin Wilson in Wild zone.
10:01 of 1st period - Andy McDonald is hit by Mark Fraser.
10:22 of 1st period - Icing by Bryan Little.
10:23 of 1st period - Bryan Little wins face-off versus Andrew Cogliano in Wild zone.
10:59 of 1st period - Icing by Eric Gryba.
11:00 of 1st period - Manny Malhotra wins face-off versus Andrew Cogliano in RedWings zone.
11:35 of 1st period - Shot by Ondrej Palat.
11:35 of 1st period - Shot Blocked by Anton Babchuk.
11:44 of 1st period - Icing by Anton Babchuk.
11:45 of 1st period - Frazer McLaren wins face-off versus Blake Comeau in Wild zone.
11:48 of 1st period - Shot by Joe Thornton.
11:48 of 1st period - Stopped by Niklas Backstrom without a rebound.
11:49 of 1st period - Bryan Little wins face-off versus Casey Cizikas in Wild zone.
13:10 of 1st period - Icing by Jared Spurgeon.
13:11 of 1st period - Casey Cizikas wins face-off versus Manny Malhotra in RedWings zone.
13:43 of 1st period - Shot by Blake Comeau.
13:43 of 1st period - Stopped by Thomas Greiss without a rebound.
13:44 of 1st period - Andrew Cogliano wins face-off versus Colin Wilson in RedWings zone.
13:44 of 1st period - Andrew Cogliano is hit by Milan Michalek.
14:19 of 1st period - Fedor Tyutin is hit by Alexandre Burrows and loses puck.
15:18 of 1st period - Shot by Bobby Ryan.
15:18 of 1st period - Shot Misses the Net.
15:40 of 1st period - Eric Gryba is hit by Blake Comeau and loses puck.
15:42 of 1st period - Minor Penalty to Alexei Ponikarovsky for Holding.
15:43 of 1st period - Andrew Ebbett wins face-off versus Andrew Cogliano in Wild zone.
15:56 of 1st period - Shot by Blake Comeau.
15:56 of 1st period - Stopped by Thomas Greiss without a rebound.
15:57 of 1st period - Andrew Ebbett wins face-off versus Alexandre Burrows in RedWings zone.
16:23 of 1st period - Shot by Eric Brewer.
16:23 of 1st period - Shot Misses the Net.
17:23 of 1st period - Shot by Jared Spurgeon.
17:23 of 1st period - Shot Hit the Post.
17:25 of 1st period - Shot by Joe Thornton.
17:25 of 1st period - Shot Misses the Net.
18:31 of 1st period - Minor Penalty to Alexei Ponikarovsky for Interference.
18:32 of 1st period - Andrew Cogliano wins face-off versus Manny Malhotra in Wild zone.
18:38 of 1st period - Michael Stone is hit by Nate Thompson.
19:46 of 1st period - Shot by Eric Brewer.
19:46 of 1st period - Shot Misses the Net.
19:48 of 1st period - Shot by Alexandre Burrows.
19:48 of 1st period - Shot Misses the Net.
Goals for this period are 0 for RedWings vs 0 for Wild.
Shots for this period are 10 for RedWings vs 3 for Wild.

2nd period


0:01 of 2nd period - Manny Malhotra wins face-off versus Joe Thornton in neutral zone.
0:09 of 2nd period - Keith Yandle is hit by Michael Stone and loses puck.
0:15 of 2nd period - Joe Thornton is hit by Michael Stone and loses puck.
0:18 of 2nd period - Shot by Paul Martin.
0:18 of 2nd period - Shot Misses the Net.
0:46 of 2nd period - Shot by Taylor Beck.
0:46 of 2nd period - Stopped by Niklas Backstrom with a rebound.
1:07 of 2nd period - Shot by Erik Cole.
1:07 of 2nd period - Goal by Erik Cole - RedWings : 0 - Wild : 1.
1:08 of 2nd period - Casey Cizikas wins face-off versus Colin Wilson in neutral zone.
1:29 of 2nd period - Shot by Casey Cizikas.
1:29 of 2nd period - Stopped by Niklas Backstrom without a rebound.
1:30 of 2nd period - Frazer McLaren wins face-off versus Alexei Ponikarovsky in Wild zone.
1:59 of 2nd period - Shot by Anton Babchuk.
1:59 of 2nd period - Stopped by Thomas Greiss without a rebound.
2:00 of 2nd period - Bryan Little wins face-off versus Casey Cizikas in RedWings zone.
2:23 of 2nd period - Shot by Eric Gryba.
2:23 of 2nd period - Shot Misses the Net.
2:25 of 2nd period - Shot by Paul Martin.
2:25 of 2nd period - Shot Misses the Net.
2:26 of 2nd period - Minor Penalty to Michael Stone for Tripping.
2:27 of 2nd period - Andrew Cogliano wins face-off versus Manny Malhotra in Wild zone.
2:28 of 2nd period - Shot by Jared Spurgeon.
2:28 of 2nd period - Stopped by Niklas Backstrom without a rebound.
2:29 of 2nd period - Andrew Cogliano wins face-off versus Manny Malhotra in Wild zone.
3:01 of 2nd period - Shot by Keith Yandle.
3:01 of 2nd period - Shot Misses the Net.
3:03 of 2nd period - Shot by Andrew Cogliano.
3:03 of 2nd period - Stopped by Niklas Backstrom without a rebound.
3:04 of 2nd period - Manny Malhotra wins face-off versus Joe Thornton in Wild zone.
3:29 of 2nd period - Shot by Eric Brewer.
3:29 of 2nd period - Stopped by Niklas Backstrom without a rebound.
3:30 of 2nd period - Andrew Cogliano wins face-off versus Manny Malhotra in Wild zone.
4:06 of 2nd period - Icing by Nate Thompson.
4:07 of 2nd period - Andrew Ebbett wins face-off versus Andrew Cogliano in RedWings zone.
4:16 of 2nd period - Shot by Paul Martin.
4:16 of 2nd period - Shot Misses the Net.
4:18 of 2nd period - Shot by Paul Martin.
4:18 of 2nd period - Deflect By Ray Whitney.
4:18 of 2nd period - Shot Misses the Net.
4:20 of 2nd period - Shot by Keith Yandle.
4:20 of 2nd period - Stopped by Niklas Backstrom with a rebound.
5:00 of 2nd period - Andrei Markov is hit by Chris Summers and loses puck.
5:48 of 2nd period - Icing by John-Michael Liles.
5:49 of 2nd period - Bryan Little wins face-off versus Andrew Cogliano in Wild zone.
5:51 of 2nd period - Icing by Erik Cole.
5:52 of 2nd period - Bryan Little wins face-off versus Andrew Cogliano in Wild zone.
6:05 of 2nd period - Shot by Bobby Ryan.
6:05 of 2nd period - Shot Misses the Net.
6:07 of 2nd period - Shot by Erik Cole.
6:07 of 2nd period - Stopped by Thomas Greiss without a rebound.
6:08 of 2nd period - Frazer McLaren wins face-off versus Manny Malhotra in RedWings zone.
6:38 of 2nd period - Shot by Joe Thornton.
6:38 of 2nd period - Stopped by Niklas Backstrom without a rebound.
6:39 of 2nd period - Bryan Little wins face-off versus Andrew Cogliano in Wild zone.
7:10 of 2nd period - Shot by Bryan Little.
7:10 of 2nd period - Stopped by Thomas Greiss without a rebound.
7:11 of 2nd period - Milan Michalek wins face-off versus Casey Cizikas in RedWings zone.
7:17 of 2nd period - Eric Gryba is hit by Michael Stone and loses puck.
9:25 of 2nd period - Shot by Andrew Cogliano.
9:25 of 2nd period - Shot Misses the Net.
9:38 of 2nd period - Icing by Blake Comeau.
9:39 of 2nd period - Frazer McLaren wins face-off versus Manny Malhotra in Wild zone.
10:02 of 2nd period - Shot by Mark Fraser.
10:02 of 2nd period - Deflect By Joe Thornton.
10:02 of 2nd period - Shot Blocked by Ryan Whitney.
10:57 of 2nd period - Shot by Alexandre Burrows.
10:57 of 2nd period - Goal by Alexandre Burrows - RedWings : 1 - Wild : 1.
10:58 of 2nd period - Ray Whitney wins face-off versus Bryan Little in neutral zone.
10:58 of 2nd period - Minor Penalty to Bobby Ryan for Interference.
10:59 of 2nd period - Andrew Cogliano wins face-off versus Andrew Ebbett in Wild zone.
11:08 of 2nd period - Shot by Jared Spurgeon.
11:08 of 2nd period - Shot Misses the Net.
11:33 of 2nd period - Icing by Eric Brewer.
11:34 of 2nd period - Andrew Ebbett wins face-off versus Andrew Cogliano in RedWings zone.
12:56 of 2nd period - Shot by Ray Whitney.
12:56 of 2nd period - Stopped by Niklas Backstrom with a rebound.
12:58 of 2nd period - Shot by Andrew Cogliano.
12:58 of 2nd period - Deflect By Ondrej Palat.
12:58 of 2nd period - Stopped by Niklas Backstrom without a rebound.
12:59 of 2nd period - Casey Cizikas wins face-off versus Erik Cole in Wild zone.
12:59 of 2nd period - Paul Martin is hit by John-Michael Liles and loses puck.
13:02 of 2nd period - Shot by Sergei Kostitsyn.
13:02 of 2nd period - Stopped by Niklas Backstrom without a rebound.
13:03 of 2nd period - Bryan Little wins face-off versus Casey Cizikas in Wild zone.
13:03 of 2nd period - Bryan Little is hit by Ondrej Palat.
13:09 of 2nd period - Shot by Fedor Tyutin.
13:09 of 2nd period - Shot Misses the Net.
13:11 of 2nd period - Shot by Erik Cole.
13:11 of 2nd period - Shot Blocked by Eric Gryba.
13:26 of 2nd period - Minor Penalty to Eric Gryba for Hooking.
13:27 of 2nd period - Colin Wilson wins face-off versus Joe Thornton in RedWings zone.
13:52 of 2nd period - Shot by Colin Wilson.
13:52 of 2nd period - Deflect By Andy McDonald.
13:52 of 2nd period - Shot Blocked by Ray Whitney.
13:54 of 2nd period - Shot by Andy McDonald.
13:54 of 2nd period - Stopped by Thomas Greiss without a rebound.
13:55 of 2nd period - Bryan Little wins face-off versus Joe Thornton in RedWings zone.
14:10 of 2nd period - Shot by Bryan Little.
14:10 of 2nd period - Stopped by Thomas Greiss without a rebound.
14:11 of 2nd period - Colin Wilson wins face-off versus Joe Thornton in RedWings zone.
14:14 of 2nd period - Shot by Milan Michalek.
14:14 of 2nd period - Goal by Milan Michalek - RedWings : 1 - Wild : 2.
14:15 of 2nd period - Andrew Cogliano wins face-off versus Colin Wilson in neutral zone.
14:35 of 2nd period - Shot by Milan Michalek.
14:35 of 2nd period - Shot Misses the Net.
14:37 of 2nd period - Shot by Milan Michalek.
14:37 of 2nd period - Shot Misses the Net.
15:41 of 2nd period - Erik Cole is hit by Casey Cizikas.
15:43 of 2nd period - Shot by Bobby Ryan.
15:43 of 2nd period - Shot Misses the Net.
15:44 of 2nd period - Minor Penalty to Jared Spurgeon for Hooking.
15:45 of 2nd period - Joe Thornton wins face-off versus Bryan Little in RedWings zone.
16:13 of 2nd period - Shot by Bryan Little.
16:13 of 2nd period - Deflect By Bobby Ryan.
16:13 of 2nd period - Shot Misses the Net.
17:17 of 2nd period - Shot by Michael Stone.
17:17 of 2nd period - Stopped by Thomas Greiss without a rebound.
17:18 of 2nd period - Joe Thornton wins face-off versus Colin Wilson in RedWings zone.
17:30 of 2nd period - John-Michael Liles is hit by Alexandre Burrows and loses puck.
18:00 of 2nd period - Shot by Manny Malhotra.
18:00 of 2nd period - Shot Misses the Net.
18:23 of 2nd period - Icing by Casey Cizikas.
18:24 of 2nd period - Bryan Little wins face-off versus Casey Cizikas in RedWings zone.
19:13 of 2nd period - Shot by Andrew Cogliano.
19:13 of 2nd period - Stopped by Niklas Backstrom with a rebound.
19:47 of 2nd period - Shot by Colin Wilson.
19:47 of 2nd period - Stopped by Thomas Greiss without a rebound.
19:48 of 2nd period - Joe Thornton wins face-off versus Alexei Ponikarovsky in RedWings zone.
19:48 of 2nd period - Joe Thornton is hit by Blake Comeau.
Goals for this period are 1 for RedWings vs 2 for Wild.
Shots for this period are 12 for RedWings vs 9 for Wild.

3rd period


0:01 of 3rd period - Casey Cizikas wins face-off versus Colin Wilson in neutral zone.
1:34 of 3rd period - Minor Penalty to Alexandre Burrows for High sticking.
1:35 of 3rd period - Bryan Little wins face-off versus Joe Thornton in RedWings zone.
2:00 of 3rd period - Shot by John-Michael Liles.
2:00 of 3rd period - Shot Misses the Net.
2:02 of 3rd period - Shot by Bryan Little.
2:02 of 3rd period - Shot Misses the Net.
2:04 of 3rd period - Shot by Bryan Little.
2:04 of 3rd period - Stopped by Thomas Greiss without a rebound.
2:05 of 3rd period - Erik Cole wins face-off versus Joe Thornton in RedWings zone.
3:34 of 3rd period - Icing by John-Michael Liles.
3:35 of 3rd period - Bryan Little wins face-off versus Casey Cizikas in Wild zone.
3:56 of 3rd period - Shot by Erik Cole.
3:56 of 3rd period - Shot Blocked by Paul Martin.
3:58 of 3rd period - Shot by Bobby Ryan.
3:58 of 3rd period - Stopped by Thomas Greiss without a rebound.
3:59 of 3rd period - Manny Malhotra wins face-off versus Andrew Cogliano in RedWings zone.
4:04 of 3rd period - Shot by Manny Malhotra.
4:04 of 3rd period - Shot Misses the Net.
4:20 of 3rd period - Shot by Keith Yandle.
4:20 of 3rd period - Stopped by Niklas Backstrom without a rebound.
4:21 of 3rd period - Andy McDonald wins face-off versus Frazer McLaren in Wild zone.
4:34 of 3rd period - Shot by Milan Michalek.
4:34 of 3rd period - Shot Misses the Net.
5:21 of 3rd period - Andrei Markov is hit by Ondrej Palat and loses puck.
5:28 of 3rd period - Shot by Jared Spurgeon.
5:28 of 3rd period - Shot Misses the Net.
6:15 of 3rd period - Keith Yandle is hit by Fedor Tyutin and loses puck.
6:18 of 3rd period - Shot by Andrew Cogliano.
6:18 of 3rd period - Stopped by Niklas Backstrom without a rebound.
6:19 of 3rd period - Andrew Cogliano wins face-off versus Manny Malhotra in Wild zone.
6:19 of 3rd period - Andrew Cogliano is hit by Fedor Tyutin.
6:39 of 3rd period - Alexandre Burrows is hit by Blake Comeau and loses puck.
6:57 of 3rd period - Alexandre Burrows is hit by Blake Comeau and loses puck.
7:52 of 3rd period - Shot by Joe Thornton.
7:52 of 3rd period - Deflect By Frazer McLaren.
7:52 of 3rd period - Stopped by Niklas Backstrom without a rebound.
7:53 of 3rd period - Casey Cizikas wins face-off versus Bryan Little in Wild zone.
8:14 of 3rd period - Shot by Bobby Ryan.
8:14 of 3rd period - Shot Misses the Net.
8:16 of 3rd period - Shot by Bryan Little.
8:16 of 3rd period - Stopped by Thomas Greiss without a rebound.
8:17 of 3rd period - Manny Malhotra wins face-off versus Joe Thornton in RedWings zone.
8:17 of 3rd period - John-Michael Liles is hit by Mark Fraser and loses puck.
8:30 of 3rd period - Shot by Ray Whitney.
8:30 of 3rd period - Stopped by Niklas Backstrom without a rebound.
8:31 of 3rd period - Casey Cizikas wins face-off versus Colin Wilson in Wild zone.
8:57 of 3rd period - Shot by Bobby Ryan.
8:57 of 3rd period - Stopped by Thomas Greiss with a rebound.
8:59 of 3rd period - Shot by Michael Stone.
8:59 of 3rd period - Stopped by Thomas Greiss with a rebound.
9:05 of 3rd period - Shot by Bobby Ryan.
9:05 of 3rd period - Stopped by Thomas Greiss with a rebound.
9:07 of 3rd period - Shot by Milan Michalek.
9:07 of 3rd period - Shot Misses the Net.
9:09 of 3rd period - Shot by Bobby Ryan.
9:09 of 3rd period - Stopped by Thomas Greiss with a rebound.
9:15 of 3rd period - Shot by Milan Michalek.
9:15 of 3rd period - Stopped by Thomas Greiss without a rebound.
9:16 of 3rd period - Manny Malhotra wins face-off versus Andrew Cogliano in RedWings zone.
9:17 of 3rd period - Shot by Alexei Ponikarovsky.
9:17 of 3rd period - Shot Blocked by Eric Gryba.
9:21 of 3rd period - Shot by John-Michael Liles.
9:21 of 3rd period - Stopped by Thomas Greiss without a rebound.
9:22 of 3rd period - Manny Malhotra wins face-off versus Andrew Cogliano in RedWings zone.
10:14 of 3rd period - John-Michael Liles is hit by Mark Fraser and loses puck.
10:22 of 3rd period - Icing by Keith Yandle.
10:23 of 3rd period - Frazer McLaren wins face-off versus Bryan Little in RedWings zone.
10:23 of 3rd period - Frazer McLaren is hit by Erik Cole.
10:32 of 3rd period - Joe Thornton is hit by Michael Stone and loses puck.
10:36 of 3rd period - Icing by Michael Stone.
10:37 of 3rd period - Erik Cole wins face-off versus Casey Cizikas in Wild zone.
10:58 of 3rd period - Shot by Bobby Ryan.
10:58 of 3rd period - Shot Blocked by Ondrej Palat.
11:00 of 3rd period - Shot by Michael Stone.
11:00 of 3rd period - Shot Misses the Net.
11:02 of 3rd period - Shot by Andrei Markov.
11:02 of 3rd period - Shot Misses the Net.
11:04 of 3rd period - Shot by Michael Stone.
11:04 of 3rd period - Stopped by Thomas Greiss without a rebound.
11:05 of 3rd period - Andrew Cogliano wins face-off versus Colin Wilson in RedWings zone.
11:17 of 3rd period - Andrew Cogliano is hit by Ryan Whitney and loses puck.
11:23 of 3rd period - Icing by Ryan Whitney.
11:24 of 3rd period - Casey Cizikas wins face-off versus Colin Wilson in Wild zone.
11:24 of 3rd period - Minor Penalty to Anton Babchuk for Slashing.
11:25 of 3rd period - Manny Malhotra wins face-off versus Joe Thornton in Wild zone.
11:25 of 3rd period - Manny Malhotra is hit by Alexandre Burrows.
11:39 of 3rd period - Shot by Paul Martin.
11:39 of 3rd period - Stopped by Niklas Backstrom without a rebound.
11:40 of 3rd period - Andrew Cogliano wins face-off versus Andrew Ebbett in Wild zone.
11:40 of 3rd period - Nate Thompson is hit by Fedor Tyutin and loses puck.
11:43 of 3rd period - Shot by Andrew Cogliano.
11:43 of 3rd period - Deflect By Ray Whitney.
11:43 of 3rd period - Shot Misses the Net.
11:45 of 3rd period - Shot by Ray Whitney.
11:45 of 3rd period - Stopped by Niklas Backstrom without a rebound.
11:46 of 3rd period - Casey Cizikas wins face-off versus Manny Malhotra in Wild zone.
12:10 of 3rd period - Off-side.
12:11 of 3rd period - Manny Malhotra wins face-off versus Andrew Cogliano in neutral zone.
12:26 of 3rd period - Shot by Andrew Ebbett.
12:26 of 3rd period - Deflect By Alexei Ponikarovsky.
12:26 of 3rd period - Stopped by Thomas Greiss with a rebound.
13:04 of 3rd period - Shot by Paul Martin.
13:04 of 3rd period - Shot Misses the Net.
13:06 of 3rd period - Shot by Joe Thornton.
13:06 of 3rd period - Shot Misses the Net.
13:08 of 3rd period - Shot by Casey Cizikas.
13:08 of 3rd period - Shot Misses the Net.
13:10 of 3rd period - Shot by Alexandre Burrows.
13:10 of 3rd period - Shot Misses the Net.
13:12 of 3rd period - Shot by Paul Martin.
13:12 of 3rd period - Stopped by Niklas Backstrom without a rebound.
13:13 of 3rd period - Joe Thornton wins face-off versus Manny Malhotra in Wild zone.
13:34 of 3rd period - Shot by Andy McDonald.
13:34 of 3rd period - Stopped by Thomas Greiss with a rebound.
13:36 of 3rd period - Shot by Colin Wilson.
13:36 of 3rd period - Stopped by Thomas Greiss without a rebound.
13:37 of 3rd period - Joe Thornton wins face-off versus Bryan Little in RedWings zone.
13:37 of 3rd period - Joe Thornton is hit by Bobby Ryan.
13:42 of 3rd period - Off-side.
13:43 of 3rd period - Bryan Little wins face-off versus Andrew Cogliano in neutral zone.
14:27 of 3rd period - Paul Martin is hit by Erik Cole and loses puck.
15:02 of 3rd period - Shot by Ondrej Palat.
15:02 of 3rd period - Shot Misses the Net.
15:04 of 3rd period - Shot by Ondrej Palat.
15:04 of 3rd period - Shot Misses the Net.
15:24 of 3rd period - Shot by Sergei Kostitsyn.
15:24 of 3rd period - Shot Blocked by Andrei Markov.
15:45 of 3rd period - Shot by Joe Thornton.
15:45 of 3rd period - Stopped by Niklas Backstrom without a rebound.
15:46 of 3rd period - Joe Thornton wins face-off versus Manny Malhotra in Wild zone.
16:05 of 3rd period - Shot by Alexandre Burrows.
16:05 of 3rd period - Shot Misses the Net.
16:07 of 3rd period - Shot by Joe Thornton.
16:07 of 3rd period - Stopped by Niklas Backstrom without a rebound.
16:08 of 3rd period - Bryan Little wins face-off versus Frazer McLaren in Wild zone.
16:27 of 3rd period - Minor Penalty to Bobby Ryan for Hooking.
16:28 of 3rd period - Andrew Cogliano wins face-off versus Manny Malhotra in Wild zone.
16:41 of 3rd period - Shot by Jared Spurgeon.
16:41 of 3rd period - Stopped by Niklas Backstrom without a rebound.
16:42 of 3rd period - Joe Thornton wins face-off versus Manny Malhotra in Wild zone.
17:52 of 3rd period - Shot by Ray Whitney.
17:52 of 3rd period - Stopped by Niklas Backstrom without a rebound.
17:53 of 3rd period - Andrew Ebbett wins face-off versus Andrew Cogliano in Wild zone.
19:06 of 3rd period - RedWings, Thomas Greiss is pulled from the net.
19:13 of 3rd period - Icing by Fedor Tyutin.
19:14 of 3rd period - Colin Wilson wins face-off versus Ray Whitney in Wild zone.
Goals for this period are 0 for RedWings vs 0 for Wild.
Shots for this period are 11 for RedWings vs 13 for Wild.


Output by the SimonT Hockey Simulator (STHS) for Stephane Roy -- Original Page W3C XHTML 1.0 Valid
Hockey Simulator - Hockey Simulation - Hockey Manager